 Dungeon Crawl Stone Soup version 0.29.0-15-g675c0067aa (webtiles) character file.

Game seed: 15781769861095993947

44 qw the Chopper (level 3, -16/23 HPs)
             Began as a Gargoyle Fighter on Sept 12, 2022.
             Demolished by an ogre
             ... wielding a +0 giant club
              (25 damage)
             ... on level 2 of the Dungeon.
             The game lasted 00:00:30 (1141 turns).

qw the Chopper (Gargoyle Fighter)                   Turns: 1141, Time: 00:00:31

Health: -16/23     AC: 11    Str: 21    XL:     3   Next: 62%
Magic:  3/3        EV:  9    Int:  8    God:
Gold:   52         SH:  5    Dex: 15    Spells: 2/2 levels left

rFire   . . .      SeeInvis .   Y - +0 war axe
rCold   . . .      Faith    .   c - +0 buckler
rNeg    + . .      Spirit   .   b - +0 scale mail
rPois   inf        Reflect  .   (no helmet)
rElec   +          Harm     .   (no cloak)
rCorr   .          Rampage  .   (no gloves)
Will    .....                   j - +0 pair of boots
Stlth   ..........              (no amulet)
HPRegen 0.07/turn               m - +6 ring of dexterity
MPRegen 0.08/turn               (no ring)

@: no status effects
A: sickness immunity, AC +3, negative energy resistance 1, electricity
resistance, torment resistance 1, petrification resistance
a: no special abilities


You were on level 2 of the Dungeon.
You visited 1 branch of the dungeon, and saw 2 of its levels.

You collected 52 gold pieces.


Innate Abilities, Weirdness & Mutations

You are immune to sickness and miasma.
Your stone body is resilient. (AC +3)
You are immune to poison.
You resist negative energy. (rN+)
You are resistant to electric shocks. (rElec)
You are resistant to unholy torment.
You are immune to petrification.


   Skills:
 - Level 3.2 Fighting
 - Level 3.3 Axes
 - Level 3.2 Armour
 + Level 0.7 Dodging
 - Level 3.2 Shields


You had 2 spell levels left.
You didn't know any spells.
Your spell library was empty.

Inventory:

Hand Weapons
 i - a +2 mace of protection
 Y - a +0 war axe (weapon)
Missiles
 n - 4 boomerangs (quivered)
Armour
 a - a scarf of repulsion
 b - a +0 scale mail (worn)
 c - a +0 buckler (worn)
 j - a +0 pair of boots (worn)
Jewellery
 m - a +6 ring of dexterity (left hand)
Potions
 d - a potion of might
 e - a potion of haste

Dungeon Overview and Level Annotations

Branches:
Dungeon (2/15)

Altars:


Message History

The kobold barely misses you.
You slash the kobold!
You kill the kobold!
You start resting.
HP restored.
A quokka comes into view.
Throw: 4 boomerangs
Press: ? - help, Q - select action Shift-Dir - straight line, f - quokka You throw a boomerang.
The boomerang barely misses the quokka.
Throw: 4 boomerangs
Press: ? - help, Q - select action Shift-Dir - straight line, f/p - quokka You throw a boomerang.
The boomerang hits the quokka.
You kill the quokka!
You now have 52 gold pieces (gained 5).
A ball python comes into view.
The ball python hisses angrily.
Throw: 4 boomerangs
Press: ? - help, Q - select action Shift-Dir - straight line, f - ball python You throw a boomerang.
The boomerang hits the ball python.
You kill the ball python!
Found a stone staircase leading up.
Enter note: An ogre comes into view. It is wielding a +0 giant club.
The ogre shouts!
Enter note:
Enter note: Throw: 4 boomerangs
Press: ? - help, Q - select action Shift-Dir - straight line, f - ogre You throw a boomerang.
The boomerang barely misses the ogre.
You barely miss the ogre. The ogre hits you with a +0 giant club!
Ouch! That really hurt!
You slash the ogre!
The ogre is severely wounded.
The ogre barely misses you.
You slash the ogre!
The ogre is almost dead.
The ogre hits you with a +0 giant club!!
Ouch! That really hurt!
You die...

######.#<...#
#.###..##
#........
########.
#..... #.####
#.######
#######.#
#....O.#
#.......# #@#
#.####### #.#
#.# #.# #.#
#.# #.#
#.#####.#
#.......#
#########


You could see an ogre.

Vanquished Creatures
  A worm (D:2)
  A dart slug (D:1)
  6 giant cockroaches (D:1)
  6 goblins (D:1)
  4 hobgoblins
  2 quokkas
  2 ball pythons (D:2)
  4 bats
  3 frilled lizards (D:1)
  5 kobolds
  2 rats (D:1)
36 creatures vanquished.

Vanquished Creatures (others)
  4 toadstools (D:1)
4 creatures vanquished.

Grand Total: 40 creatures vanquished

Notes
Turn   | Place    | Note
-------+----------+-------------------------------------------
     0 | D:1      | qw the Gargoyle Fighter began the quest for the Orb.
     0 | D:1      | Reached XP level 1. HP: 14/14 MP: 1/1
     0 | D:1      | 0 ||| qw: Version: 0.1-a-119-g272c26d
     0 | D:1      | 0 ||| qw: Game counter: 10874
     0 | D:1      | 0 ||| qw: Always use a shield: true
     0 | D:1      | 0 ||| qw: God list: Okawaru
     0 | D:1      | 0 ||| qw: Allow faded altars: false
     0 | D:1      | 0 ||| qw: Do Orc after D:15 true
     0 | D:1      | 0 ||| qw: Do second Lair branch before Depths: true
     0 | D:1      | 0 ||| qw: Lair rune preference: random
     0 | D:1      | 0 ||| qw: Plans: Normal, Zot, God:TSO, Crypt, Tomb, Pan,
                  | Slime, Hells, Zig, Abyss, Orb
     0 | D:1      | 0 ||| PLANNING D:1-11
     9 | D:1      | 9 ||| Stepping ~*~*~tactically~*~*~ (hiding).
   186 | D:1      | Reached XP level 2. HP: 19/19 MP: 2/2
   243 | D:1      | 243 ||| Stepping ~*~*~tactically~*~*~ (stealth).
   376 | D:1      | Reached skill level 3 in Axes
   527 | D:1      | Reached XP level 3. HP: 23/23 MP: 3/3
   693 | D:1      | Found a faded altar of an unknown god.
   859 | D:1      | 859 ||| UPGRADING to +0 pair of boots.
   864 | D:1      | 864 ||| UPGRADING to +6 ring of dexterity.
   865 | D:1      | 865 ||| READING scroll labelled DED SIAVADE.
   866 | D:1      | 866 ||| READING scroll labelled VEEMIQESSINK.
   867 | D:1      | 867 ||| READING 2 scrolls labelled VIUTIR LUASH.
   868 | D:1      | 868 ||| READING scroll labelled RUNAIWKEITS.
   869 | D:1      | 869 ||| READING scroll labelled ARAXOCW KEOD.
   874 | D:1      | 874 ||| READING scroll labelled TYTZUSUPHO.
   875 | D:1      | 875 ||| DRINKING 2 bubbling clear potions.
   876 | D:1      | 876 ||| DROPPING scroll of amnesia.
  1136 | D:2      | Noticed an ogre
  1141 | D:2      | Demolished by an ogre

Levels and vault maps discovered:
D:1:      ldierk_walled_garden_2, layout_basic,
          hellmonk_ecumenical_altar_crossroads, nrook_mini_vaults
D:2:      layout_basic, minmay_crystal_room

Skill      XL: |  1  2 |
---------------+-------+-----
Axes           | 2 3 |  3.3
Fighting       | |  3.2
Armour         | |  3.2
Dodging        | |  0.7
Shields        | |  3.2

Action                   || total
-------------------------++-------
Melee: War axe           ||    96
Throw: Boomerang         ||    14
  Use: Scroll            ||     6
       Potion            ||     1
Armor: Scale mail        ||    39
Dodge: Dodged            ||    46
Block: Buckler           ||    24

Table legend:
 A = Non-vault XP
 B = Vault XP
 C = Vault XP percentage of total XP
 D = Non-vault monster count
 E = Vault monster count
 F = Vault count percentage of total count
                 A         B        C        D         E       F
            +---------+---------+-------+---------+---------+-------
      Total |      64 |       0 |   0.0 |      36 |       0 |   0.0
            +---------+---------+-------+---------+---------+-------
        D:1 |      49 |       0 |   0.0 |      29 |       0 |   0.0
        D:2 |      15 |       0 |   0.0 |       7 |       0 |   0.0
            +---------+---------+-------+---------+---------+-------
